 Dungeon Crawl Stone Soup version 0.31-a0-187-gba352fbbf7 (webtiles) character file.

Game seed: 13798123518900084638

9 qw the Shooter (level 2, -1/16 HPs)
             Began as a Deep Elf Hunter on June 22, 2023.
             Killed from afar by a dart slug (3 damage)
             ... with a slug dart
             ... on level 1 of the Dungeon.
             The game lasted 00:00:04 (162 turns).

qw the Shooter (Deep Elf Hunter)                     Turns: 162, Time: 00:00:05

Health: -1/16      AC:  3    Str:  8    XL:     2   Next: 3%
Magic:  4/4        EV: 12    Int: 13    God:
Gold:   19         SH:  0    Dex: 18    Spells: 1/1 levels left

rFire   . . .        a - +0 shortbow
rCold   . . .        (shield currently unavailable)
rNeg    . . .        c - +0 leather armour
rPois   .            (no helmet)
rElec   .            (no cloak)
rCorr   .            (no gloves)
SInv    .            (no boots)
Will    .....        (no amulet)
Stlth   ++           (no ring)
HPRegen 0.22/turn    (no ring)
MPRegen 0.09/turn

%: no passive effects
@: no status effects
A: no striking features
a: no special abilities


You were on level 1 of the Dungeon.
You visited 1 branch of the dungeon, and saw 1 of its levels.

You collected 19 gold pieces.


   Skills:
 - Level 1.5 Fighting
 + Level 6.0 Ranged Weapons
 - Level 2.4 Dodging
 - Level 1.2 Stealth


You had one spell level left.
You didn't know any spells.
Your spell library was empty.

Inventory:

Hand Weapons
 a - a +0 shortbow (weapon)
Armour
 c - a +0 leather armour (worn)
Scrolls
 b - a scroll of butterflies
 d - a scroll of identify {unknown}
Potions
 e - a potion of mutation {unknown}

Dungeon Overview and Level Annotations

Branches:
Dungeon (1/15)

Altars:


Message History

The quokka bites you but does no damage.
You shoot an arrow. The arrow hits the quokka.
You kill the quokka!
You start resting.
HP restored.
You see here a giant cockroach corpse.
Found 3 stones.
Enter note: An endoplasm, a dart slug and a goblin come into view.
Found a dagger.
Found a stone staircase leading down.
Enter note:
Enter note: You shoot an arrow.
The arrow hits the endoplasm.
The endoplasm quivers.
The endoplasm is heavily wounded.
The goblin shouts!
A giant cockroach comes into view.
A bat comes into view.
You shoot an arrow. The arrow hits the endoplasm.
The endoplasm is severely wounded.
The endoplasm freezes you.
You are frozen.
You shoot an arrow. The arrow barely misses the endoplasm.
The endoplasm freezes you.
You are frozen.
The endoplasm hits you. The bat hits you but does no damage.
You shoot an arrow. The arrow hits the endoplasm!
You kill the endoplasm!
The bat hits you.
Your Ranged Weapons skill increases to level 6!
You have reached level 2!
You shoot an arrow. The arrow hits the dart slug.
The dart slug is moderately wounded.
The bat hits you but does no damage. The goblin hits you with a +0 club.
The dart slug bites you.
You shoot an arrow. The arrow hits the dart slug.
The dart slug is heavily wounded.
The bat hits you but does no damage. The bat misses you.
The goblin hits you but does no damage. The dart slug launches a dart at you.
The slug dart hits you.
You die...

#.........#.# #.##
#...........# #..#
#.........### ##.#
#.........### #.#
.....%%%....# #.#
#.........### #.#
#.........# #.#
#.###.###.# #.#
......###.# #@#
..........# #..Bgw.>...#
......##..# #........).#
......#.....#..b.......#
......#.###............#
.......................#
#.###...####.........(.#
#.###..## ##..........#
#.#....#


You could see a dart slug, a giant cockroach, a goblin and a bat.

Vanquished Creatures
  A bat (D:1)
  An endoplasm (D:1)
  A giant cockroach (D:1)
  A goblin (D:1)
  A hobgoblin (D:1)
  A quokka (D:1)
  A rat (D:1)
7 creatures vanquished.

Notes
Turn   | Place    | Note
-------+----------+-------------------------------------------
     0 | D:1      | qw the Deep Elf Hunter began the quest for the Orb.
     0 | D:1      | Reached XP level 1. HP: 12/12 MP: 3/3
     0 | D:1      | 0 ||| qw: Version: 0.3-a-9-g12657ce
     0 | D:1      | 0 ||| qw: Game counter: 2138
     0 | D:1      | 0 ||| qw: Always use a shield: true
     0 | D:1      | 0 ||| qw: God list: Okawaru
     0 | D:1      | 0 ||| qw: Allow faded altars: false
     0 | D:1      | 0 ||| qw: Do Orc after D:15 true
     0 | D:1      | 0 ||| qw: Do second Lair branch before Depths: true
     0 | D:1      | 0 ||| qw: Lair rune preference: random
     0 | D:1      | 0 ||| qw: Plans: Normal
     0 | D:1      | 0 ||| PLANNING D:1-11
    85 | D:1      | HP: 2/12 [quokka (2)]
   161 | D:1      | Reached skill level 6 in Ranged Weapons
   161 | D:1      | Reached XP level 2. HP: 6/16 MP: 4/4
   161 | D:1      | HP: 4/16 [goblin/+0 club (2)]
   162 | D:1      | Killed from afar by a dart slug

Levels and vault maps discovered:
D:1:      minmay_arrival_four_loops, layout_rooms

Skill      XL: |  1 |
---------------+----+-----
Ranged Weapons | 6 |  6.0
Fighting       | |  1.5
Dodging        | |  2.4
Stealth        | |  1.2

Action                     || total
---------------------------++-------
   Fire: Shortbow          ||    31
 Armour: Leather armour    ||    13
  Dodge: Dodged            ||    23

Table legend:
 A = Non-vault XP
 B = Vault XP
 C = Vault XP percentage of total XP
 D = Non-vault monster count
 E = Vault monster count
 F = Vault count percentage of total count
                 A         B        C        D         E       F
            +---------+---------+-------+---------+---------+-------
      Total |      13 |       0 |   0.0 |       7 |       0 |   0.0
            +---------+---------+-------+---------+---------+-------
        D:1 |      13 |       0 |   0.0 |       7 |       0 |   0.0
            +---------+---------+-------+---------+---------+-------
